 Dungeon Crawl Stone Soup version 0.25-a0-700-g7f8a7979f0 (webtiles) character file.

Game seed: 7055506018385783831, levelgen mode: deterministic

658 kae the Ruffian (level 7, -5/52 HPs)
             Began as a White Draconian Transmuter on Apr 2, 2020.
             Slain by a mummy (12 damage)
             ... in an ossuary.
             The game lasted 00:03:49 (4895 turns).

kae the Ruffian (White Draconian Transmuter)        Turns: 4895, Time: 00:03:49

Health: -5/52      AC: 12    Str: 12    XL:     7   Next: 30%
Magic:  12/12      EV: 12    Int: 16    God:
Gold:   286        SH:  0    Dex: 11    Spells: 3/13 levels left

rFire    . . .     SeeInvis .     - Unarmed
rCold    + . .     Gourm    .   (no shield)
rNeg     . . .     Faith    .   (armour unavailable)
rPois    .         Spirit   .   (helmet restricted)
rElec    .         Reflect  .   (no cloak)
rCorr    .         Harm     .   (no gloves)
MR       .....                  (no boots)
Stlth    ++........             (no amulet)
HPRegen  0.17/turn              e - ring of stealth
MPRegen  0.13/turn              j - +6 ring of protection

@: appendage (expiring)
A: breathe frost, unfitting armour, horns 2, cold resistance 1, cold-blooded, AC
+6
a: Breathe Frost, End Transformation


You were in an ossuary.
You were not hungry.
You had grown temporary horns.
You visited 2 branches of the dungeon, and saw 6 of its levels.
You also visited: Ossuary.

You collected 286 gold pieces.

Inventory:

Missiles
 a - 59 arrows
Jewellery
 e - a ring of stealth (left hand)
 j - a +6 ring of protection (right hand)
Wands
 i - a wand of enslavement (8)
 m - a wand of random effects (15)
Scrolls
 f - a scroll of remove curse
 g - a scroll of teleportation
 h - a scroll of enchant armour
 l - 2 scrolls of identify
Potions
 b - 2 potions of degeneration
 k - 3 potions of might
Comestibles
 c - 9 rations


   Skills:
 - Level 1.1 Fighting
 - Level 1.7 Dodging
 * Level 6.1 Unarmed Combat
 + Level 3.9 Spellcasting
 + Level 4.2 Transmutations
 - Level 2.3 Ice Magic


You had 3 spell levels left.
You knew the following spells:

 Your Spells              Type           Power        Failure   Level  Hunger
a - Beastly Appendage     Tmut           ###...       3%          1    None
b - Sticks to Snakes      Tmut           ###.....     4%          2    ##.....
c - Spider Form           Tmut/Pois      #.........   22%         3    ###....
d - Ice Form              Ice/Tmut       ##......     41%         4    ####...

Your spell library contained the following spells:

 Spells                   Type           Power        Failure   Level  Hunger
 Blade Hands              Tmut           ###.......   63%         5    ######.


Dungeon Overview and Level Annotations

Branches:
Dungeon (5/15)             Temple (1/1) D:5         Ossuary (1/1)

Altars:
Ashenzari
Dithmenos
Elyvilon
Fedhas
Hepliaklqana
Kikubaaqudgha
Nemelex Xobeh
Okawaru
Qazlal
Trog
Xom
Yredelemnul
Zin
The Shining One


Innate Abilities, Weirdness & Mutations

You can breathe waves of freezing cold.
You can buffet flying creatures when you breathe cold.
Your icy white scales are hard. (AC +6)
You cannot fit into any form of body armour.
Your flesh is cold resistant. (rC+)
You are cold-blooded and may be slowed by cold attacks.
You have a pair of horns on your head.


Message History

You barely miss the mummy. You headbutt the mummy.
The mummy is moderately damaged.
The mummy closely misses you.
You hit the mummy.
The mummy is moderately damaged.
You hit the mummy but do no damage.
The mummy is moderately damaged.
The mummy hits you!
You are too injured to fight recklessly!
You barely miss the mummy.
You tail-slap the mummy, but do no damage.
The mummy is moderately damaged.
You hit the mummy but do no damage. You headbutt the mummy!
The mummy is almost destroyed.
The mummy hits you!!
* * * LOW HITPOINT WARNING * * *
You barely miss the mummy.
The mummy is almost destroyed.
The mummy hits you!
You die...

#...# ....# #...
#...# ....# #...
#...# ....## #...
#...# .... #... #...#
#.Z# #... #...# #.^#
#... #...# #^^# #...
#...######.^######...
#...@................
#...M....8..8........
#....................
#....................
#####################


You could see a mummy.

Vanquished Creatures
  Eustachio (D:5)
  An elf zombie (Ossuary)
  A howler monkey (D:4)
  A crimson imp (D:5)
  A centaur zombie (Ossuary)
  A bullfrog zombie (D:5)
  A hound (D:4)
  An orc priest (D:3)
  Jessica (D:3)
  2 worker ants (D:4)
  3 gnolls (D:3)
  5 adders
  An adder zombie (D:5)
  A worm (D:2)
  3 dart slugs
  8 orcs
  9 bats
  3 giant cockroaches (D:1)
  4 goblins
  6 hobgoblins
  3 jackals (D:2)
  7 kobolds
  A quokka (D:4)
  2 ball pythons (D:1)
  5 frilled lizards
  A goblin zombie (Ossuary)
  7 hobgoblin zombies (Ossuary)
  A jackal zombie (Ossuary)
  7 kobold zombies (Ossuary)
  7 orc zombies (Ossuary)
  11 rats
106 creatures vanquished.

Vanquished Creatures (collateral kills)
  An adder (D:2)
  A giant cockroach (D:2)
2 creatures vanquished.

Grand Total: 108 creatures vanquished

Notes
Turn   | Place    | Note
-------+----------+-------------------------------------------
     0 | D:1      | kae the Draconian Transmuter began the quest for the Orb.
     0 | D:1      | Reached XP level 1. HP: 16/16 MP: 3/3
   242 | D:1      | Reached XP level 2. HP: 20/23 MP: 3/5
   617 | D:1      | Learned a level 2 spell: Sticks to Snakes
  1310 | D:1      | Reached XP level 3. HP: 16/28 MP: 2/6
  1441 | D:1      | Learned a level 3 spell: Spider Form
  1847 | D:2      | Found a hazy altar of Hepliaklqana.
  2042 | D:2      | Reached skill level 4 in Unarmed Combat
  2328 | D:2      | Reached XP level 4. HP: 33/35 MP: 4/7
  3017 | D:3      | Noticed Jessica
  3041 | D:3      | Killed Jessica
  3157 | D:3      | Reached XP level 5. HP: 19/40 MP: 1/9
  3343 | D:3      | Learned a level 4 spell: Ice Form
  3656 | D:4      | Reached skill level 5 in Unarmed Combat
  3845 | D:4      | Reached skill level 1 in Ice Magic
  3845 | D:4      | Reached XP level 6. HP: 41/47 MP: 6/10
  3871 | D:4      | Found a shadowy altar of Dithmenos.
  4169 | D:5      | Entered Level 5 of the Dungeon
  4222 | D:5      | Found a staircase to the Ecumenical Temple.
  4237 | D:5      | Noticed Eustachio
  4253 | Temple   | Entered the Ecumenical Temple
  4522 | D:5      | Killed Eustachio
  4522 | D:5      | Your scales start taking on an icy white colour.
  4522 | D:5      | Reached XP level 7. HP: 49/52 MP: 10/12
  4522 | D:5      | Gained mutation: Your flesh is cold resistant. (rC+) [White
                  | Draconian growth]
  4565 | D:5      | Found a sand-covered staircase.
  4572 | Ossuary  | Entered an ossuary
  4880 | Ossuary  | Reached skill level 6 in Unarmed Combat
  4895 | Ossuary  | Slain by a mummy

Levels and vault maps discovered:
D:1:      dpeg_arrival_another_circle, layout_loops_corners,
          minmay_shallow_snake_nest
D:2:      minmay_evil_eye, layout_basic, nicolae_overflow_hidden_temple
D:3:      layout_rooms, first_ration, uniq_jessica
D:4:      layout_basic, nicolae_dithmenos_the_darkroom
D:5:      layout_basic, minmay_temple_entry_overgrown,
          nicolae_ossuary_entry_monument, kennysheep_another_room,
          serial_bayou_pond_d, uniq_eustachio
Temple:   nicolae_temple_god_jail
Ossuary:  ossuary_tomb_1

Skill      XL: |  1  2  3  4  5  6  7 |
---------------+----------------------+-----
Unarmed Combat | 4 5 6 |  6.1
Transmutations | 3 4 |  4.2
Spellcasting   | 3 |  3.9
Ice Magic      | 1 2 |  2.3
Fighting       | |  1.1
Dodging        | |  1.7

Action                   |  1- 3 |  4- 6 |  7- 9 || total
-------------------------+-------+-------+-------++-------
Melee: Unarmed           |   111 |   194 |   104 ||   409
       Tailslap          |     9 |     7 |    15 ||    31
       Kick              |     4 |     3 |       ||     7
       Headbutt          |     7 |     3 |     6 ||    16
       Punch             |       |       |     2 ||     2
 Cast: Beastly Appendage |    21 |     8 |     1 ||    30
       Sticks to Snakes  |     3 |     1 |       ||     4
       Spider Form       |       |    11 |       ||    11
  Use: Potion            |     2 |     1 |       ||     3
       Scroll            |       |     5 |       ||     5
 Stab: Sleeping          |     1 |     5 |       ||     6
  Eat: Chunk             |     5 |     7 |       ||    12
       Ration            |       |     1 |       ||     1
Armor: Skin              |    30 |    48 |    31 ||   109
Dodge: Dodged            |    83 |   136 |    58 ||   277

Table legend:
 A = Non-vault XP
 B = Vault XP
 C = Vault XP percentage of total XP
 D = Non-vault monster count
 E = Vault monster count
 F = Vault count percentage of total count
                 A         B        C        D         E       F
            +---------+---------+-------+---------+---------+-------
      Total |     533 |     408 |  43.4 |      76 |      32 |  29.6
            +---------+---------+-------+---------+---------+-------
        D:1 |      40 |       2 |   4.8 |      24 |       1 |   4.0
        D:2 |      74 |       5 |   6.3 |      17 |       4 |  19.0
        D:3 |     121 |      37 |  23.4 |      21 |       1 |   4.5
        D:4 |     184 |       0 |   0.0 |      10 |       0 |   0.0
        D:5 |     114 |     202 |  63.9 |       4 |       1 |  20.0
    Ossuary |       0 |     162 | 100.0 |       0 |      25 | 100.0
            +---------+---------+-------+---------+---------+-------
